 Dungeon Crawl Stone Soup version 0.30.1-11-g7821555f0a (webtiles) character file.

Game seed: 690982662422992791

44 Peloso the Trooper (level 3, -4/34 HPs)
             Began as a Minotaur Fighter on Dec 23, 2023.
             Slain by a gnoll
             ... wielding a +0 halberd
              (11 damage)
             ... on level 2 of the Dungeon.
             The game lasted 00:01:38 (1084 turns).

Peloso the Trooper (Minotaur Fighter)               Turns: 1084, Time: 00:01:38

Health: -4/34      AC: 10    Str: 20    XL:     3   Next: 41%
Magic:  2/2        EV:  7    Int:  5    God:
Gold:   110        SH:  4    Dex: 11    Spells: 2/2 levels left

rFire   . . .        a - +0 long sword
rCold   . . .        d - +0 buckler
rNeg    . . .        j - +0 chain mail
rPois   .            (helmet restricted)
rElec   .            c - +0 cloak
rCorr   .            (no gloves)
SInv    .            (no boots)
Will    .....        (no amulet) Stlth
                     (no ring)
HPRegen 0.25/turn    (no ring)
MPRegen 0.08/turn

%: no passive effects
@: no status effects
A: horns 2, retaliatory headbutt
a: no special abilities


You were on level 2 of the Dungeon.
You visited 1 branch of the dungeon, and saw 2 of its levels.

You collected 110 gold pieces.

Inventory:

Hand Weapons
 a - a +0 long sword (weapon)
Armour
 b - a +0 scale mail
 c - a +0 cloak (worn)
 d - a +0 buckler (worn)
 j - a +0 chain mail (worn)
Jewellery
 e - an amulet of guardian spirit
 o - a ring of wizardry
Scrolls
 f - 2 scrolls of enchant armour {unknown}
 g - a scroll of identify {unknown}
 h - a scroll of fog {unknown}
 p - a scroll of amnesia {unknown}
Potions
 i - a potion of might
 k - a potion of curing {unknown}
 l - a potion of mutation {unknown}
 m - a potion of cancellation {unknown}
 n - a potion of attraction {unknown}


   Skills:
 + Level 4.4 Fighting
 + Level 2.5 Long Blades
 + Level 4.2 Armour
 + Level 0.4 Dodging
 + Level 4.1 Shields


You had 2 spell levels left.
You didn't know any spells.
Your spell library was empty.

Dungeon Overview and Level Annotations

Branches:
Dungeon (2/15)

Altars:

Shops:
D:2 [


Innate Abilities, Weirdness & Mutations

You have a pair of horns on your head.
You reflexively headbutt those who attack you in melee.


Message History

You now have 90 gold pieces (gained 10).
n - a glowing red potion
Found 2 poisoned darts.
You now have 98 gold pieces (gained 8).
You now have 110 gold pieces (gained 12).
You see here 2 poisoned darts.
o - a ring of wizardry
Found a stone staircase leading up.
p - a scroll labelled UNUCOT WIBROFI A gnoll comes into view.
It is wielding a +0 spear.
The gnoll shouts!
You hear a shout!
The gnoll moves out of view.
A gnoll comes into view. It is wielding a +0 halberd.
A gnoll is nearby!
A gnoll is nearby!
A gnoll comes into view. It is wielding a +0 halberd.
The gnoll hits you but does no damage. The gnoll hits you with a +0 halberd!
You block the gnoll's attack.
You hit the gnoll. You headbutt the gnoll.
The gnoll is heavily wounded.
The gnoll barely misses you. x2; You block the gnoll's attack.
The gnoll hits you but does no damage.
You hit the gnoll. Your headbutt misses the gnoll.
The gnoll is heavily wounded.
The gnoll hits you with a +0 halberd!
The gnoll hits you from afar with a +0 spear.
You hit the gnoll. You headbutt the gnoll.
The gnoll is almost dead.
The gnoll hits you with a +0 halberd.
The gnoll hits you from afar with a +0 spear.
* * * LOW HITPOINT WARNING * * *
You hit the gnoll but do no damage.
The gnoll is almost dead.
The gnoll barely misses you.
The gnoll hits you from afar with a +0 spear.
* * * LOW HITPOINT WARNING * * *
You closely miss the gnoll. Your headbutt misses the gnoll.
The gnoll is almost dead.
The gnoll hits you with a +0 halberd!
You die...

.##.#####.# #.#
.##.# #.# #.#.#
.##.# #.# #.#.#
....# #<# #.#.#
....##########
#.#.#
.#..##.......#
#g#.#
.#...........#
#g#.#
.....(.......#
#g#.# #
.............#
#@#.##<##
.............#
#.......#
###.##.......#
###.##.♣♣
#..#.......###...#
##..###..........+
#....########....#
#....# #..#.# #...
#...... #.
#..#.#..♣


You could see 3 gnolls.

Vanquished Creatures
  A worm (D:2)
  A dart slug (D:1)
  3 orcs (D:2)
  3 endoplasms (D:1)
  2 giant cockroaches (D:1)
  A goblin (D:1)
  A hobgoblin (D:1)
  8 jackals
  4 quokkas (D:1)
  A ball python (D:1)
  A bat (D:1)
  A frilled lizard (D:1)
  2 kobolds (D:1)
  2 rats (D:1)
31 creatures vanquished.

Notes
Turn   | Place    | Note
-------+----------+-------------------------------------------
     0 | D:1      | Peloso the Minotaur Fighter began the quest for the Orb.
     0 | D:1      | Reached XP level 1. HP: 19/19 MP: 0/0
    75 | D:1      | Found a faded altar of an unknown god.
   132 | D:1      | Reached XP level 2. HP: 23/27 MP: 1/1
   719 | D:1      | Reached XP level 3. HP: 23/33 MP: 2/2
   821 | D:2      | Found Paalaol's Armour Boutique.
  1084 | D:2      | Slain by a gnoll

Illustrated notes

Levels and vault maps discovered:
D:1:      dpeg_arrival_concentric_ovals, layout_loops_ring,
          hellmonk_ecumenical_altar_lost_god
D:2:      layout_basic, serial_shops, shop, nicolae_shop_peninsula, shop

Skill      XL: |  1  2 |
---------------+-------+-----
Fighting       | 4 |  4.4
Armour         | 4 |  4.2
Shields        | 4 |  4.1
Long Blades    | |  2.5
Dodging        | |  0.4

Action                     || total
---------------------------++-------
  Melee: Long sword        ||    98
         Headbutt          ||    20
    Use: Potion            ||     2
 Armour: Scale mail        ||    56
         Chain mail        ||    15
  Dodge: Dodged            ||    53
  Block: Buckler           ||    29
